 Dungeon Crawl Stone Soup version 0.22-a0-265-g0d8bc90 (webtiles) character file.

100 varam the Firebug (level 4, 0/27 HPs)
             Began as an Octopode Fire Elementalist on Mar 6, 2018.
             Slain by an adder (4 damage)
             ... on level 2 of the Dungeon on Mar 7, 2018.
             The game lasted 00:03:40 (1565 turns).

varam the Firebug (Octopode Fire Elementalist)      Turns: 1565, Time: 00:03:42

Health: 0/27       AC:  1    Str:  7    XL:     4   Next: 73%
Magic:  2/7        EV: 13    Int: 18    God:
Gold:   132        SH:  0    Dex: 12    Spells: 6/7 levels left

rFire    . . .     SeeInvis .   a - +1 dagger (drain)
rCold    . . .     Gourm    .   (no shield)
rNeg     . . .     Faith    .   (helmet restricted)
rPois    .         Spirit   .   (no amulet)
rElec    .         Reflect  .   (no ring)
rCorr    .         Harm     .   (no ring)
MR       .....                  (no ring)
Stlth    +++.......             (no ring)
HPRegen  0.09/turn              (no ring)
MPRegen  0.10/turn              (no ring)
                                (no ring)
                                (no ring)

@: flying, very slightly contaminated
A: almost no armour, stealthy swim, amphibious, 8 rings, constrict 8, camouflage
1, gelatinous body 1
a: no special abilities


You were on level 2 of the Dungeon.
You were not hungry.

You visited 1 branch of the dungeon, and saw 2 of its levels.

You collected 132 gold pieces.

Inventory:

Hand Weapons
 a - a +1 dagger of draining (weapon)
Scrolls
 d - a scroll of teleportation {unknown}
 g - a scroll of random uselessness {unknown}
 h - 3 scrolls of identify {unknown}
 j - a scroll of immolation {unknown}
Potions
 e - a potion of flight
 f - a potion of might {unknown}
 i - 2 potions of mutation {unknown}
Comestibles
 b - 3 rations
 c - 2 chunks of flesh


   Skills:
 - Level 2.0 Dodging
 - Level 2.6 Stealth
 - Level 2.0 Spellcasting
 * Level 3.6 Conjurations
 + Level 3.9 Fire Magic


You had 6 spell levels left.
You knew the following spells:

 Your Spells              Type           Power        Failure   Level  Hunger
a - Flame Tongue          Conj/Fire      ###..        3%          1    #......


Dungeon Overview and Level Annotations

Branches:
Dungeon (2/15)

Altars:
Okawaru
Xom


Innate Abilities, Weirdness & Mutations

You cannot wear most types of armour.
You are very stealthy in the water. (Stealth+)
You are amphibious.
You can wear up to eight rings at the same time.
You can use your tentacles to constrict eight enemies at once.
Your skin changes colour to match your surroundings (Stealth+).
Your rubbery body absorbs attacks. (AC +1, EV +1)


Message History

Confirm with . or Enter, or press ? or * to list all spells.
Aiming: Flame Tongue (safe; 3% risk of failure)
Press: ? - help, Shift-Dir - straight line, f - adder
Aim: an adder The flame tongue hits the adder.
The adder is lightly wounded.
The adder barely misses you. The adder bites you.
* * * LOW HITPOINT WARNING * * *
It was a potion of flight.
You feel very buoyant.
You fly up into the air.
The adder misses you.
Casting: Flame Tongue (safe; 3% risk of failure)
Confirm with . or Enter, or press ? or * to list all spells.
Aiming: Flame Tongue (safe; 3% risk of failure)
Press: ? - help, Shift-Dir - straight line, f/p - adder
Aim: an adder (lightly wounded)
You miscast Flame Tongue.
You are very lightly contaminated with residual magic.
Nothing appears to happen.
The adder bites you.
You die...

### #.. ##.. ##..
#
#######..###.#####
.........@S.......
######.####.#####
#..# .# ##.# .##
#.###..# #..##..#
# ##.##..###.
#.##......
#....#..#


You could see an adder.

Vanquished Creatures
  A hound (D:1)
  3 adders
  3 worms (D:2)
  2 leopard geckos (D:1)
  3 bats
  3 giant cockroaches (D:2)
  2 goblins (D:1)
  2 hobgoblins (D:1)
  3 jackals (D:1)
  A quokka (D:2)
  A frilled lizard (D:1)
  3 kobolds (D:1)
  3 rats (D:1)
30 creatures vanquished.

Notes
Turn   | Place    | Note
-------+----------+-------------------------------------------
     0 | D:1      | varam the Octopode Fire Elementalist began the quest for the Orb.
     0 | D:1      | Reached XP level 1. HP: 11/11 MP: 3/3
    69 | D:1      | Reached XP level 2. HP: 12/17 MP: 0/5
   184 | D:1      | Reached skill level 2 in Conjurations
   888 | D:2      | Found a shimmering altar of Xom.
   892 | D:2      | Reached XP level 3. HP: 21/21 MP: 1/6
   954 | D:1      | Reached skill level 3 in Conjurations
   954 | D:1      | Reached XP level 4. HP: 22/27 MP: 3/7
  1447 | D:2      | Found an iron altar of Okawaru.
  1565 | D:2      | Slain by an adder

Vault maps used:
D:1:      shiori_arrival_maze, minmay_pentomino_q4
D:2:      okawaru_gym_becter, xom_teletrap_fun, minmay_randomly_rotated_circles,
          uniq_crazy_yiuf_cottage

Skill      XL: |  1  2  3 |
---------------+----------+-----
Conjurations   | 2 3 |  3.6
Dodging        | |  2.0
Stealth        | |  2.6
Spellcasting   | |  2.0
Fire Magic     | |  3.9

Action                   |  1- 3 |  4- 6 || total
-------------------------+-------+-------++-------
Melee: Dagger            |    31 |     9 ||    40
       Constrict         |     8 |     1 ||     9
       Unarmed           |     2 |       ||     2
       Tentacles         |     4 |     1 ||     5
 Cast: Flame Tongue      |    12 |    20 ||    32
  Use: Potion            |       |     1 ||     1
 Stab: Sleeping          |     1 |       ||     1
  Eat: Chunk             |       |     2 ||     2
Dodge: Dodged            |    27 |    21 ||    48

Table legend:
 A = Spawn XP
 B = Non-spawn XP
 C = Spawn XP percentage of total XP
 D = Spawn monster count
 E = Non-spawn monster count
 F = Spawn count percentage of total count
 G = Total turns spent on level
                    A         B        C        D         E        F      G
               +---------+---------+-------+---------+---------+-------+---------
         Total |       0 |     143 |   0.0 |       0 |      30 |   0.0 |  1565
               +---------+---------+-------+---------+---------+-------+---------
           D:1 |       0 |      92 |   0.0 |       0 |      20 |   0.0 |  1024
           D:2 |       0 |      51 |   0.0 |       0 |      10 |   0.0 |   541
               +---------+---------+-------+---------+---------+-------+---------
